 Dungeon Crawl Stone Soup version 0.30-a0-358-g0d69a19 (webtiles) character file.

Game seed: 14563921765476306047

11886 Dorkslayer the Cleaver (level 11, -5/95 HPs)
             Began as a Hill Orc Fighter on Nov 8, 2022.
             Slain by a large abomination (13 damage)
             ... on level 2 of the Abyss.
             The game lasted 00:31:40 (9085 turns).

Dorkslayer the Cleaver (Hill Orc Fighter)           Turns: 9085, Time: 00:31:41

Health: -5/95      AC: 20    Str: 24    XL:     11   Next: 84%
Magic:  11/11      EV: 11    Int: 10    God:
Gold:   374        SH:  5    Dex: 13    Spells: 10/10 levels left

rFire   . . .      SeeInvis .    k - +7 broad axe "Hydraslayer" {vorpal, rC+ Str+2 Dex+3}
rCold   + . .      Faith    .    c - +0 buckler
rNeg    + . .      Spirit   .    C - +0 plate armour
rPois   .          Reflect  .    b - +0 hat
rElec   .          Harm     .    r - +0 cloak
rCorr   .          Rampage  .    p - +0 pair of gloves
Will    .....                    x - +2 pair of boots {Fly}
Stlth   ..........               (no amulet)
HPRegen 0.35/turn                v - ring of positive energy
MPRegen 0.12/turn                h - +4 ring of evasion

@: flying
A: no striking features
a: no special abilities


You were on level 2 of the Abyss.
You visited 2 branches of the dungeon, and saw 11 of its levels.
You visited the Abyss 1 time.
You also visited: Bailey.

You collected 732 gold pieces.
You spent 358 gold pieces at shops.

Inventory:

Hand Weapons
 k - the +7 broad axe "Hydraslayer" (weapon) {vorpal, rC+ Str+2 Dex+3}
   (You bought it in a shop on level 3 of the Dungeon)

   It inflicts extra damage upon your enemies.
   Str:       It affects your strength (+2).
   Dex:       It affects your dexterity (+3).
   rC:        It protects you from cold.
 D - a +3 morningstar
 P - a +2 war axe of freezing
 Q - a +3 hand axe of flaming
Missiles
 y - 5 boomerangs (quivered)
 G - a throwing net
 M - 2 silver javelins
 N - 4 curare-tipped darts
Armour
 b - a +0 hat (worn)
 c - a +0 buckler (worn)
 p - a +0 pair of gloves (worn)
 r - a +0 cloak (worn)
 t - a +0 tower shield
 x - a +2 pair of boots of flying (worn)
 C - a +0 plate armour (worn)
Jewellery
 h - a +4 ring of evasion (right hand)
 v - a ring of positive energy (left hand)
 R - a ring of fire
Wands
 z - a wand of light (10)
 F - a wand of roots (17)
 H - a wand of polymorph (8)
 K - a wand of charming (7)
Scrolls
 a - a scroll of poison {unknown}
 e - 3 scrolls of teleportation
 g - a scroll of summoning {unknown}
 l - 2 scrolls of enchant armour
 u - a scroll of magic mapping
 B - a scroll of amnesia {unknown}
 E - 2 scrolls of enchant weapon
 I - a scroll of noise {unknown}
 J - a scroll of fog {unknown}
 L - a scroll of fear
Potions
 d - a potion of might
 f - 7 potions of magic
 i - 5 potions of curing
 j - 5 potions of flight {unknown}
 m - 4 potions of heal wounds
 n - 2 potions of degeneration {unknown}
 q - 3 potions of cancellation {unknown}
 s - 2 potions of invisibility {unknown}
 w - a potion of mutation {unknown}
 A - 5 potions of brilliance {unknown}
 O - a potion of lignification {unknown}


   Skills:
 + Level 8.9 Fighting
 + Level 14.9 Axes
 * Level 3.3 Throwing
 + Level 9.1 Armour
 + Level 1.7 Dodging
 + Level 2.6 Stealth
 + Level 6.0 Shields
 * Level 7.4 Evocations


You had 10 spell levels left.
You didn't know any spells.
Your spell library contained the following spells:

 Spells                   Type           Power      Damage    Failure   Level
 Freeze                   Ice            0%         1d3       99%         1
 Cigotuvi's Dreadful Rot  Necr/Pois/Air  0%         N/A       100%        2
 Poisonous Vapours        Pois/Air       0%         N/A       100%        2
 Frozen Ramparts          Ice            0%         1d1       100%        3
 Hailstorm                Conj/Ice       0%         3d3       100%        3
 Mephitic Cloud           Conj/Pois/Air  0%         N/A       100%        3
 Ozocubu's Armour         Ice            0%         N/A       100%        3
 Ozocubu's Refrigeration  Ice            0%         4d7       100%        7


Dungeon Overview and Level Annotations

Branches:
Dungeon (10/15)            Temple (1/1) D:5            Lair (0/5) D:10
 Bailey (visited)
    Orc: D:9-12

Altars:
Ashenzari
Cheibriados
Dithmenos
Elyvilon
Fedhas
Makhleb
Nemelex Xobeh
Okawaru
Qazlal
Ru
Sif Muna
Uskayaw
Wu Jian
Xom
Zin
The Shining One

Shops:
D:1 *   D:3 (   D:4 :


Message History

You feel as though you will be slow longer.
Something hits you. Something drains your vigour!
You feel as though you will be slow longer.
You miss something. Something hits you but does no damage.
You hit something. Something hits you! Something drains your vigour!
You feel as though you will be slow longer.
Something hits you. Something drains your vigour!
You feel as though you will be slow longer.
You slash something! Something hits you but does no damage.
You hit something but do no damage. Something barely misses you.
You slash something!
Reactivating autopickup.
You feel a bit more experienced.
A smoke demon comes into view.
You feel yourself speed up.
A neqoxec comes into view.
A large abomination comes into view.
A large abomination comes into view.
You hit the large abomination.
The large abomination is lightly damaged.
The large abomination hits you!
You slash the large abomination!
The large abomination is heavily damaged.
You hit the large abomination but do no damage.
You block the large abomination's attack.
The large abomination hits you but does no damage.
You hit the large abomination.
The large abomination is heavily damaged.
You barely miss the large abomination.
The large abomination closely misses you.
You barely miss the large abomination.
The large abomination is heavily damaged.
You slash the large abomination! The large abomination hits you!
A small abomination comes into view.
The large abomination hits you!!
* * * LOW HITPOINT WARNING * * *
You slice the large abomination!!
The large abomination is almost destroyed.
You hit the large abomination. The large abomination hits you!
You die...

#. #.. #x##.. . #
..#.. ##.. .
###...###...#
..#####......#...
.#. ...##.......
... ###.......X.#
..# #... .##..@#
.# # #..#.##X##
#.## .#
##..#...###...##
...##.....
.#..... .
#........X3.... .
##.#.... #.....#.
.....#.. ###...##
..#...##.## #.##
.......#... ..#


You could see 2 large abominations and a small abomination.

Vanquished Creatures
  A tentacled starspawn (Abyss:2)
  Snorg (D:10)
  A quicksilver dragon skeleton (Abyss:2)
  A shadow wraith (Abyss:2)
  The ghost of poml the Ruffian, a novice TrNe (D:6)
  An orc knight (Bailey)
  A cyclops (D:10)
  A gargoyle (D:6)
  An orange demon (Abyss:2)
  2 yaktaurs (D:10)
  2 trolls (D:9)
  Grinder (D:3)
  A raiju (Abyss:2)
  A slime creature (Abyss:2)
  2 wyverns
  3 yaks (D:9)
  A steam dragon (D:10)
  2 small abominations (Abyss:2)
  A water moccasin (D:5)
  An acid dragon (D:10)
  An ice beast (D:6)
  3 sky beasts
  2 orc warriors
  A black bear (D:6)
  7 centaurs
  2 ogres (D:5)
  2 kobold brigands
  3 bullfrogs
  5 scorpions
  2 necrophages
  A gnoll sergeant (D:9)
  10 wights
  12 killer bees
  3 howler monkeys
  2 hounds
  Crazy Yiuf (D:2)
  9 orc priests
  A gnoll bouda (D:5)
  2 iguanas (D:6)
  10 orc wizards
  17 gnolls
  14 adders
  A white imp (D:7)
  An ufetubus (D:4)
  A worm (D:2)
  A dart slug (D:4)
  46 orcs
  15 ball pythons
  8 endoplasms
  10 giant cockroaches
  17 goblins
  6 hobgoblins
  3 jackals (D:3)
  6 quokkas
  9 bats
  6 frilled lizards
  9 kobolds
  2 rats (D:2)
  A starspawn tentacle (Abyss:2)
278 creatures vanquished.

Vanquished Creatures (others)
  6 starspawn tentacles (Abyss:2)
6 creatures vanquished.

Grand Total: 284 creatures vanquished

Notes
Turn   | Place    | Note
-------+----------+-------------------------------------------
     0 | D:1      | Dorkslayer the Hill Orc Fighter began the quest for the
                  | Orb.
     0 | D:1      | Reached XP level 1. HP: 19/19 MP: 1/1
   188 | D:1      | Reached XP level 2. HP: 27/27 MP: 2/2
   222 | D:1      | Found Avuv's Assorted Antiques.
   420 | D:1      | Reached skill level 3 in Axes
   579 | D:1      | Reached XP level 3. HP: 32/33 MP: 3/3
   705 | D:1      | Found a faded altar of an unknown god.
   835 | D:2      | Reached XP level 4. HP: 40/40 MP: 4/4
   938 | D:2      | Reached skill level 4 in Axes
  1300 | D:2      | Found a runed translucent door.
  1301 | D:2      | Noticed Crazy Yiuf
  1314 | D:2      | Killed Crazy Yiuf
  1315 | D:2      | Reached XP level 5. HP: 15/46 MP: 2/5
  1661 | D:1      | Bought a scroll labelled SEBOC GAXITE for 19 gold pieces
  1661 | D:1      | Bought a glowing dark potion for 17 gold pieces
  1661 | D:1      | Bought a viscous white potion for 17 gold pieces
  1661 | D:1      | Bought a blue potion for 17 gold pieces
  1877 | D:3      | Reached skill level 5 in Axes
  1987 | D:3      | Reached XP level 6. HP: 51/53 MP: 6/6
  2009 | D:3      | Found Acvaob's Antique Weapon Boutique.
  2051 | D:3      | Reached skill level 5 in Armour
  2242 | D:3      | Noticed Grinder
  2260 | D:3      | Paralysed by Grinder for 3 turns
  2264 | D:3      | Killed Grinder
  2265 | D:3      | Reached skill level 6 in Axes
  2265 | D:3      | Reached skill level 1 in Evocations
  2265 | D:3      | Reached XP level 7. HP: 34/60 MP: 7/7
  2430 | D:3      | Found a shimmering blue altar of Sif Muna.
  2473 | D:3      | Found an iron altar of Okawaru.
  2651 | D:4      | Reached skill level 1 in Dodging
  2653 | D:4      | Found Levea's Book Boutique.
  2696 | D:4      | Reached skill level 7 in Axes
  2732 | D:4      | Reached skill level 8 in Axes
  2795 | D:4      | Reached XP level 8. HP: 40/67 MP: 8/8
  3193 | D:4      | Reached skill level 5 in Fighting
  3218 | D:5      | Entered Level 5 of the Dungeon
  3348 | D:5      | Found a glowing silver altar of Zin.
  3907 | D:5      | Reached skill level 1 in Stealth
  4224 | D:5      | Found a staircase to the Ecumenical Temple.
  4320 | Temple   | Entered the Ecumenical Temple
  4746 | D:5      | Reached skill level 9 in Axes
  4881 | D:3      | Bought a steaming broad axe for 288 gold pieces
  4881 | D:3      | Identified the +7 broad axe "Hydraslayer" {vorpal, rC+
                  | Str+2 Dex+3} (You bought it in a shop on level 3 of the
                  | Dungeon)
  5144 | D:6      | Reached XP level 9. HP: 75/75 MP: 9/9
  5175 | D:6      | Reached skill level 10 in Axes
  5509 | D:6      | Found a runed translucent door.
  5514 | D:6      | Noticed poml's ghost (novice TrNe)
  5625 | D:6      | Killed poml's ghost
  5985 | D:6      | Noticed a gargoyle
  5990 | D:6      | Killed a gargoyle
  5991 | D:6      | Reached skill level 11 in Axes
  6121 | D:7      | Found a flagged portal.
  6128 | Bailey   | Entered a bailey
  6148 | Bailey   | Reached XP level 10. HP: 85/86 MP: 10/10
  6321 | Bailey   | Noticed an orc knight
  6327 | Bailey   | Killed an orc knight
  6328 | Bailey   | Reached skill level 5 in Evocations
  6474 | D:7      | Reached skill level 12 in Axes
  6846 | D:8      | Reached skill level 5 in Shields
  7584 | D:9      | Reached skill level 13 in Axes
  7723 | D:9      | Reached skill level 1 in Throwing
  7966 | D:9      | Reached XP level 11. HP: 85/94 MP: 11/11
  8044 | D:9      | Found a glowing golden altar of the Shining One.
  8265 | D:10     | Entered Level 10 of the Dungeon
  8340 | D:10     | Found a staircase to the Lair.
  8378 | D:10     | Noticed Snorg
  8390 | D:10     | Killed Snorg
  8447 | D:10     | Reached skill level 14 in Axes
  8524 | D:10     | Noticed a cyclops
  8528 | D:10     | Killed a cyclops
  8657 | D:10     | Identified the +6 spear of the Thirsty Allies {venom,
                  | Fragile Str+3 Dex+4}
  8657 | D:10     | Noticed a wizard
  8688 | Abyss:2  | Found a shimmering altar of Xom.
  8688 | Abyss:2  | Found a shimmering altar of Xom.
  8688 | Abyss:2  | Found a shimmering altar of Xom.
  8688 | Abyss:2  | Found a shimmering altar of Xom.
  8688 | Abyss:2  | Found a shimmering altar of Xom.
  8688 | Abyss:2  | Found a shimmering altar of Xom.
  8688 | Abyss:2  | Found a corrupted altar of Lugonu.
  8688 | Abyss:2  | Found a shimmering altar of Xom.
  8688 | Abyss:2  | Found a shimmering altar of Xom.
  8688 | Abyss:2  | Found a shimmering altar of Xom.
  8688 | Abyss:2  | Found a shimmering altar of Xom.
  8688 | Abyss:2  | Found a shimmering altar of Xom.
  8688 | Abyss:2  | Found a shimmering altar of Xom.
  8688 | Abyss:2  | Found a shimmering altar of Xom.
  8688 | Abyss:2  | Found a shimmering altar of Xom.
  8688 | Abyss:2  | Cast into level 2 of the Abyss (a wizard)
  8690 | Abyss:2  | Found a shimmering altar of Xom.
  8718 | Abyss:2  | Noticed a green very ugly thing
  8718 | Abyss:2  | Noticed a green ugly thing
  8718 | Abyss:2  | Noticed a green very ugly thing
  8718 | Abyss:2  | Noticed a green ugly thing
  8718 | Abyss:2  | Noticed a green very ugly thing
  8733 | Abyss:2  | Found a corrupted altar of Lugonu.
  8777 | Abyss:2  | Noticed a tentacled starspawn
  8778 | Abyss:2  | Noticed a starcursed mass
  8879 | Abyss:2  | Noticed a tentacled starspawn
  8904 | Abyss:2  | Killed a tentacled starspawn
  9030 | Abyss:2  | Found a viscous altar of Jiyva.
  9048 | Abyss:2  | Killed a shadow wraith
  9075 | Abyss:2  | Noticed a large abomination
  9085 | Abyss:2  | Slain by a large abomination

Illustrated notes

Levels and vault maps discovered:
D:1:      wander_arrival_chamber, layout_basic, serial_rivers,
          chequers_serial_rivers_marsh, chequers_serial_rivers_micro_a,
          chequers_serial_rivers_micro_d, chequers_serial_rivers_small_b,
          chequers_serial_rivers_marsh, hellmonk_ecumenical_altar_slurped_away,
          serial_shops, nicolae_shop_temple_entry_statues_fountains,
          nrook_loot_triangle
D:2:      layout_basic, uniq_crazy_yiuf_cottage
D:3:      layout_rooms, mainiacjoe_overflow_small_starburst, led_sif_pool,
          serial_shops, shop, minmay_bisected, uniq_grinder
D:4:      layout_rooms, serial_shops, shop_statue, serial_bayou_pond_d
D:5:      layout_cave_pods, mainiacjoe_overflow_brackets,
          minmay_temple_entry_wispy, serial_rivers,
          chequers_serial_rivers_room_a, chequers_serial_rivers_micro_d,
          chequers_serial_rivers_room_a, chequers_serial_rivers_small_3,
          chequers_serial_rivers_micro_b, minmay_ogre_servants
D:6:      layout_cave_pods, ebering_ghost_reflecting_pool, minmay_small_thing
D:7:      layout_rooms, enter_bailey_2
D:8:      layout_rooms
D:9:      layout_roguey, general_overflow_altar
D:10:     minmay_the_grid_triangle_9x9_recursive_2
          [minmay_the_grid_triangle_9x9_prize_insulated,
          minmay_the_grid_triangle_9x9_steps,
          minmay_the_grid_triangle_9x9_cache,
          minmay_the_grid_triangle_9x9_warning], layout_rooms,
          minmay_overflow_temple_hex, uniq_snorg
Temple:   nicolae_temple_godzebo
Abyss:2:  base: D:6, bh_abyss_xom_lugonu_altar, evilmike_abyss_exit_16

Skill      XL: |  1  2  3  4  5  6  7  8  9 10 11 |
---------------+----------------------------------+-----
Axes           | 3 4 5 6 8 9 11 13 14 | 14.9
Fighting       | 4 6 7 8 |  8.9
Armour         | 4 5 6 7 8 9 |  9.1
Evocations     | 1 2 3 4 6 7 |  7.4
Dodging        | 1 |  1.7
Shields        | 4 5 6 |  6.0
Stealth        | 1 2 |  2.6
Throwing       | 1 3 |  3.3

Action                   |  1- 3 |  4- 6 |  7- 9 | 10-12 || total
-------------------------+-------+-------+-------+-------++-------
Melee: War axe           |    82 |   130 |   155 |       ||   367
       Broad axe         |       |       |    80 |   255 ||   335
Throw: Boomerang         |       |       |    11 |     4 ||    15
       Dart              |       |       |       |     8 ||     8
Evoke: Wand              |       |     2 |     6 |     3 ||    11
  Use: Scroll            |       |     4 |     7 |     6 ||    17
       Potion            |       |       |     1 |     5 ||     6
 Stab: Invisible         |       |       |     5 |     1 ||     6
Armor: Scale mail        |    47 |    15 |       |       ||    62
       Chain mail        |       |    90 |    51 |       ||   141
       Plate armour      |       |       |    87 |   149 ||   236
Dodge: Dodged            |    42 |    51 |   106 |   131 ||   330
Block: Buckler           |    21 |    25 |    57 |    81 ||   184

Table legend: (Time is in decaauts)
 A = Elapsed time spent in this place.
 B = Non-inter-level travel time spent in this place.
 C = Inter-level travel time spent in this place.
 D = Time resting spent in this place.
 E = Time spent auto-exploring this place.
 F = Levels seen in this place.
 G = Mean time per level.
                   A        B        C        D        E       F      G
               +--------+--------+--------+--------+--------+-----+--------+
         Total |   9219 |   9134 |     85 |    889 |   3139 |  13 |  709.2 |
       Dungeon |   8336 |   8251 |     85 |    842 |   3048 |  10 |  833.6 |
        Temple |    189 |    189 |      0 |     47 |     18 |   1 |  189.0 |
         Abyss |    408 |    408 |      0 |      0 |      0 |   1 |  408.0 |
        Bailey |    284 |    284 |      0 |      0 |     73 |   1 |  284.0 |
               +--------+--------+--------+--------+--------+-----+--------+

Top non-repeatable levels by time:
     D:5: 1476 daAuts
     D:2: 1254 daAuts
     D:6: 1099 daAuts
     D:9: 996 daAuts
     D:1: 853 daAuts
     D:3: 691 daAuts
     D:4: 599 daAuts
     D:8: 527 daAuts
     D:7: 456 daAuts
 Abyss:2: 408 daAuts
    D:10: 381 daAuts
  Bailey: 284 daAuts
  Temple: 189 daAuts
